Cogmind - Beta 15 @@@ ROGUE MODE // 2025.05.31 @ 00:47:21 Player: Rohain Result: Self-destructed Performance ------------- Evolutions (1) 500 Regions Visited (3) 600 Robots Destroyed (24) 120 Value Destroyed (371) 371 Prototype IDs (0) 0 Alien Tech Used (0) 0 Bonus (0) 0 TOTAL SCORE: 1591 Bonus ------- None Cogmind --------- Core Integrity 353/400 Matter 284/300 Energy 250/250 System Corruption 0% Temperature Cool (0) Movement Walking (120) Location -9/Materials Parts ------- > --- POWER (1) -------- Ion Engine > --- PROPULSION (4) --- Aluminum Leg Aluminum Leg > --- UTILITY (2) ------ Medium Storage Unit > --- WEAPON (2) ------- Heavy Assault Rifle > --- INVENTORY (10) --- Ion Engine Ion Engine Peak State ------------ > --- POWER ------------ Ion Engine > --- PROPULSION ------- Aluminum Leg Aluminum Leg > --- UTILITY ---------- Medium Storage Unit Targeting Computer > --- WEAPON ----------- EM Pulse Gun EM Pulse Gun > --- INVENTORY -------- Ion Engine Ion Engine Aluminum Leg Aluminum Leg Aluminum Leg Aluminum Leg Heat Sink Medium Laser Rocket Launcher [Rating: 8] Favorites ----------- Power Ion Engine Engine Ion Engine Propulsion Aluminum Leg Leg Aluminum Leg Utility Medium Storage Unit Device Heat Sink Storage Medium Storage Unit Processor Targeting Computer Weapon EM Pulse Gun Energy Gun EM Pulse Gun Ballistic Gun Heavy Assault Rifle Launcher Rocket Launcher Special Weapon Mining Laser Build | -11 -10 -10 -9 ------- Run | Yrd Mat Min Mat Slots Evolved 2 | . . . 2 Power . | . . . . Propulsion 2 | . . . 2 Utility . | . . . . Weapon . | . . . . Parts Attached 19 | 6 5 7 1 Power 3 | 1 1 1 . Engine 3 | 1 1 1 . Core . | . . . . Reactor . | . . . . Propulsion 6 | 2 . 4 . Treads . | . . . . Leg 6 | 2 . 4 . Wheel . | . . . . Hover . | . . . . Flight . | . . . . Utility 4 | 1 3 . . Device 1 | . 1 . . Storage 2 | 1 1 . . Processor 1 | . 1 . . Hackware . | . . . . Protection . | . . . . Artifact . | . . . . Weapon 6 | 2 1 2 1 Energy Gun 3 | 2 1 . . Energy Cannon . | . . . . Ballistic Gun 1 | . . . 1 Ballistic Cannon . | . . . . Launcher 1 | . . 1 . Special Weapon 1 | . . 1 . Impact Weapon . | . . . . Slashing Weapon . | . . . . Piercing Weapon . | . . . . Special Melee Weapon . | . . . . Unidentified Prototypes . | . . . . Parts Lost 11 | . 4 7 . Power 1 | . 1 . . Propulsion 3 | . . 3 . Utility 2 | . 1 1 . Weapon 5 | . 2 3 . Highest Loss Streak 7 | . 4 7 . To Critical Strikes . | . . . . Average Backups 4 | 1 5 5 2 Power 1 | . 1 2 2 Propulsion 2 | . 2 2 . Utility . | . . . . Weapon 1 | 1 1 . . Tool/Special . | . . . . Unused Backups 1 | . . . 1 Power 1 | . . . 1 Propulsion . | . . . . Utility . | . . . . Weapon . | . . . . Tool/Special . | . . . . Average Slot Usage (%) 85 | . 91 78 45 Engine 13 | . 14 14 11 Leg 27 | . 28 26 22 Device 4 | . 2 10 . Storage 13 | . 14 14 11 Processor 4 | . 5 . . Energy Gun 20 | . 24 10 . Peak Build Rating 8 | 6 8 8 6 Average Rating 6 | 3 6 5 4 On Entrance 4 | . 6 6 4 Naked Turns . | . . . . Heaviest Build 22 | 14 19 22 15 Greatest Support 20 | 20 20 20 20 Greatest Overweight (x) 1 | . . 1 . Average Overweight (x) . | . . . . Largest Inventory Capacity 10 | 8 10 10 10 Average Capacity 9 | 6 9 10 10 Most Carried 9 | 4 9 7 2 Average Carried 4 | 1 5 5 2 Final Capacity 10 | 8 10 10 10 Final Carried 7 | 2 7 2 2 Class Distribution -------------------- 100% | Mutant Dominant Class ---------------- Mutant | -10/Materials Mutant | -10/Mines Mutant | -9/Materials Resources | -11 -10 -10 -9 ----------- Run | Yrd Mat Min Mat Matter Collected 389 | 218 77 51 43 Remotely . | . . . . Salvage Created 587 | . 499 88 . Parts 45 | . 37 8 . Haulers Intercepted 1 | . 1 . . Recyclers Shooed . | . . . . Parts Field Recycled . | . . . . Retrieved Matter . | . . . . Parts Self-Destructed . | . . . . Prevented . | . . . . Kills | -11 -10 -10 -9 ------- Run | Yrd Mat Min Mat Combat Hostiles Destroyed 16 | . 12 4 . Guns 13 | . 12 1 . AOE 3 | . . 3 . Classes Destroyed 7 | . 6 1 . Worker 1 | . 1 . . Builder 3 | . 1 2 . Tunneler 1 | . . 1 . Hauler 1 | . 1 . . Watcher 2 | . 2 . . Swarmer 10 | . 7 3 . Grunt 6 | . 5 1 . Best Kill Streak 5 | . 5 4 . Combat Bots Only 3 | . 3 3 . Max Kills in Single Turn 3 | . 2 3 . Gunslinging . | . . . . Exploded 2 | . . 2 . Melee . | . . . . Uniques/NPCs Destroyed . | . . . . Combat | -11 -10 -10 -9 -------- Run | Yrd Mat Min Mat Hostile Shots Fired 135 | . 61 48 26 Missed 44 | . 25 6 13 Hits 91 | . 36 42 13 Projectile 91 | . 36 42 13 Critical Strikes 1 | . . 1 . Damage Taken 1123 | . 365 653 105 Core 197 | . 33 117 47 Absorbed by Shields . | . . . . Core Remaining (%) 70 | 100 . 40 . Volleys Fired 72 | . 47 23 2 Largest 2 | . 2 2 1 Hottest 100 | . 90 100 23 Shots Fired 110 | . 83 25 2 Gun 103 | . 83 18 2 Cannon . | . . . . Launcher 4 | . . 4 . Special 3 | . . 3 . Kinetic 2 | . . . 2 Thermal 36 | . 15 21 . Explosive 4 | . . 4 . Electromagnetic 68 | . 68 . . Robot Hit Streak 10 | . 7 10 1 Robot Miss Streak 5 | . 5 4 1 Penetration Max . | . . . . Secondary Targets 3 | . 3 . . Max Gunslinging Chain 1 | . 1 . . Shots Hit Robots 66 | . 48 17 1 Core Hits 31 | . 23 8 . Critical Kills . | . . . . Critical Parts Destroyed . | . . . . Critical Strikes 3 | . 1 2 . Burn 3 | . 1 2 . Melee Attacks . | . . . . Impact . | . . . . Slashing . | . . . . Piercing . | . . . . Sneak Attacks . | . . . . Combat Hostiles . | . . . . Follow-up Attacks . | . . . . Damage Inflicted 1456 | . 786 654 16 Guns 874 | . 686 172 16 Cannons . | . . . . Explosions 534 | . 100 434 . Melee . | . . . . Ramming . | . . . . Kinetic 16 | . . . 16 Thermal 470 | . 250 220 . Explosive 434 | . . 434 . Electromagnetic 536 | . 536 . . Impact . | . . . . Slashing . | . . . . Piercing . | . . . . Highest Corruption . | . . . . Average Corruption . | . . . . Corruption Purged . | . . . . Corruption Blocked . | . . . . Overload Shots . | . . . . Overflow Damage 36 | . 2 34 . Projectiles 8 | . . 8 . Explosions 28 | . 2 26 . Melee . | . . . . Knockbacks . | . . . . Impact . | . . . . Kinetic . | . . . . Secondary . | . . . . Self-Inflicted Damage 165 | . 32 133 . Shots 4 | . 1 3 . Rammed . | . . . . Targets Rammed . | . . . . Kicked . | . . . . Crushed . | . . . . Highest Temperature 204 | . 204 123 . Average Temperature 61 | . 67 40 . Received Heat Transfer 351 | . 96 255 . Siege Activations . | . . . . Martial Activations . | . . . . Shielding Activations . | . . . . Robots Disrupted . | . . . . Combat Hostiles . | . . . . Robots Corrupted . | . . . . Combat Hostiles . | . . . . Parts Fried . | . . . . Impact Corruptions . | . . . . Robots Melted . | . . . . Combat Hostiles . | . . . . Parts Melted . | . . . . Heat Transferred 1484 | . 718 766 . Parts Sabotaged . | . . . . Parts Stolen . | . . . . Parts Stripped . | . . . . Power Chain Reactions 3 | . 3 . . Alert | -11 -10 -10 -9 ------- Run | Yrd Mat Min Mat Maximum Alert Level . | . . . . Low Security (%) 100 | 100 100 100 100 Level 1 . | . . . . Level 2 . | . . . . Level 3 . | . . . . Level 4 . | . . . . Level 5 . | . . . . High Security . | . . . . Max Security . | . . . . Peak Influence 153 | . 153 85 . Initial . | . . . . Average 36 | . 44 31 . Influence Increases 496 | . 356 140 . Destroy 0b10 Robot/C 320 | . 240 80 . Destroy 0b10 Robot/NC 40 | . 25 15 . Destroy Leader 66 | . 56 10 . Successful Hack 12 | . 12 . . Disable Machine 15 | . 15 . . Destroy Structure 43 | . 8 35 . Influence Decreases 496 | . 356 140 . Time Decay 399 | . 319 80 . Lost Part 97 | . 37 60 . Squads Dispatched 3 | . 3 . . Investigation 1 | . 1 . . Extermination . | . . . . Reinforcement 2 | . 2 . . Assault . | . . . . Garrison . | . . . . Intercept . | . . . . Searches Triggered . | . . . . Construction Impeded . | . . . . Haulers Reinforced . | . . . . Active Scanning Responses . | . . . . Cargo Convoy Interrupts . | . . . . Stealth | -11 -10 -10 -9 --------- Run | Yrd Mat Min Mat Distress Signals 1 | . . . 1 Communications Jammed . | . . . . Distress Signals . | . . . . Times Spotted 35 | . 22 5 8 Peak Tracking Total 7 | . 5 3 7 Tactical Retreats . | . . . . Traps | -11 -10 -10 -9 ------- Run | Yrd Mat Min Mat Traps Triggered . | . . . . Indirectly . | . . . . Trap Hack Attempts . | . . . . Triggered . | . . . . Disarmed . | . . . . Reprogrammed . | . . . . Reused . | . . . . Traps Extracted . | . . . . Installed . | . . . . Triggered . | . . . . Machines | -11 -10 -10 -9 ---------- Run | Yrd Mat Min Mat Machines Disabled 3 | . 3 . . Max in Single Turn 2 | . 2 . . Machines Repaired . | . . . . Machines Dismantled . | . . . . Machines Sabotaged . | . . . . Overloaded Fab Kills . | . . . . Hacking | -11 -10 -10 -9 --------- Run | Yrd Mat Min Mat Machines Accessed 4 | . 4 . . Terminals 4 | . 4 . . Fabricators . | . . . . Repair Stations . | . . . . Recycling Units . | . . . . Scanalyzers . | . . . . Garrison Access . | . . . . Total Hacks 12 | . 12 . . Successful 4 | . 4 . . Failed 8 | . 8 . . Catastrophic 2 | . 2 . . Database Lockouts . | . . . . Manual 11 | . 11 . . Terminals 12 | . 12 . . Fabricators . | . . . . Repair Stations . | . . . . Recycling Units . | . . . . Scanalyzers . | . . . . Garrison Access . | . . . . Terminal Hacks 2 | . 2 . . Record 1 | . 1 . . Branch Access Points 1 | . 1 . . Fabricator Hacks . | . . . . Repair Station Hacks . | . . . . Recycling Unit Hacks . | . . . . Scanalyzer . | . . . . Garrison Access Hacks . | . . . . Unauthorized Hacks 2 | . 2 . . Terminals 2 | . 2 . . Botnet 2 | . 2 . . Fabricators . | . . . . Repair Stations . | . . . . Recycling Units . | . . . . Scanalyzers . | . . . . Garrison Access . | . . . . Data Cores Recovered . | . . . . Used . | . . . . Hacking Detections 3 | . 3 . . Full Trace Events 1 | . 1 . . Feedback Events . | . . . . Feedback Blocked . | . . . . Robot Schematics Acquired . | . . . . Robots Built . | . . . . Authchips . | . . . . Time . | . . . . Total Robot Build Rating . | . . . . Part Schematics Acquired . | . . . . Parts Built . | . . . . Authchips . | . . . . Time . | . . . . Total Part Build Rating . | . . . . Parts Repaired . | . . . . Time . | . . . . Parts Recycled . | . . . . Recycled Matter . | . . . . Retrieved Matter . | . . . . Retrieved Components . | . . . . Parts Scanalyzed . | . . . . Part Schematics Acquired . | . . . . Parts Damaged . | . . . . Bothacking | -11 -10 -10 -9 ------------ Run | Yrd Mat Min Mat Used RIF Installer . | . . . . Robots Hacked . | . . . . Non-combat . | . . . . Combat . | . . . . Robot Hacks Applied . | . . . . Relay Couplers Released . | . . . . Fabnet Peak Effective % . | . . . . Robots Rewired . | . . . . Allies Hacked . | . . . . Hacks Repelled . | . . . . Allies | -11 -10 -10 -9 -------- Run | Yrd Mat Min Mat Total Allies . | . . . . Largest Group . | . . . . Highest-Rated Group . | . . . . Highest-Rated Ally . | . . . . Total Orders . | . . . . Ally Attacks . | . . . . Total Damage . | . . . . Kills . | . . . . Allies Corrupted . | . . . . Allies Melted . | . . . . Intel | -11 -10 -10 -9 ------- Run | Yrd Mat Min Mat Active Infowar (turns) . | . . . . Robot Analysis Total . | . . . . Derelict Logs Recovered . | . . . . Drone Launches . | . . . . Drone Recoveries . | . . . . Exploration | -11 -10 -10 -9 ------------- Run | Yrd Mat Min Mat Turns Passed 1281 | 65 911 223 82 Spaces Moved 862 | 48 620 131 63 Core 6 | 6 . . . Treads . | . . . . Legs 856 | 42 620 131 63 Wheels . | . . . . Hover . | . . . . Flight . | . . . . Fastest Speed 50 | 50 120 120 120 Average Speed 119 | 111 120 121 120 Slowest Speed 190 | 120 120 190 120 Overloaded Moves . | . . . . Propulsion Burnouts . | . . . . Robots Hopped . | . . . . Potential Cave-ins . | . . . . Cave-ins Triggered . | . . . . Exploration Rate (%) 34 | 4 96 25 13 Regions Visited 3 Branch Regions 1 Pre-discovered Areas . | . . . . Known Exits Taken 1 | . 1 . . Unknown Exits Taken 2 | 1 . 1 . Scrap Searched . | . . . . Spaces Dug . | . . . . Terrain Destroyed 56 | . 7 49 . Melee . | . . . . Projectile . | . . . . AOE 56 | . 7 49 . Terrain Rammed . | . . . . Walls Destroyed . | . . . . Machines Disabled . | . . . . Actions | -11 -10 -10 -9 --------- Run | Yrd Mat Min Mat Total 990 | 57 704 163 66 Wait 23 | . 23 . . Move 859 | 47 619 130 63 Hop . | . . . . Pick Up 13 | 4 9 . . Fast Attach 7 | 4 1 1 1 Attach 11 | 2 4 5 . Detach 1 | . . 1 . Swap 2 | . . 2 . Drop 2 | . 1 1 . Fire 72 | . 47 23 2 Melee . | . . . . Ram . | . . . . Kick . | . . . . Crush . | . . . . Escape Stasis . | . . . . Rewire . | . . . . Trap . | . . . . Miscellaneous . | . . . . Route ------- -11/Scrapyard -10/Materials (discovered 4 exits: [*Mat x3] / *Min) -10/Mines (discovered 2 exits: [*Mat x2]) -9/Materials History --------- Turn | Location | Event 10 | -11/Scrapyard | Discovered new exit (range 14) 66 | -11/Scrapyard | Entered Materials 125 | -10/Materials | Discovered new exit (range 15) 304 | -10/Materials | Build established: Mutant 335 | -10/Materials | Discovered new exit (range 10) 580 | -10/Materials | Discovered new exit (range 10) 690 | -10/Materials | Discovered new exit (range 13) 805 | -10/Materials | Lost 4 parts (1p1u2w) 914 | -10/Materials | Identified exit to Mines 977 | -10/Materials | Entered Mines 1023 | -10/Mines | Discovered new exit (range 5) 1169 | -10/Mines | Core integrity fell below 50% 1190 | -10/Mines | Discovered new exit (range 9) 1200 | -10/Mines | Entered Materials 1200 | -9/Materials | Evolved 2 slots: Propulsion x2 1207 | -9/Materials | Lost 7 parts (3n1u3w) 1282 | -9/Materials | Self-destructed Last Messages --------------- 01157_ Acquired Mining Laser. 01157_ R-06 Scavenger collects Wheel. 01158_ Critical hit (Burn: +37). 01160_ R-06 Scavenger collects Terrain Scan Processor. 01166_ The unstable cave ceiling collapses. 01167_ Destroyed Aluminum Leg. 01170_ Mining Laser destroyed. 01176_ Aluminum Leg destroyed. 01190_ EXIT=FOUND PARAMETERS=PROPULSION+2 LOCATION=UNKNOWN GOAL=ESCAPE 01236_ Acquired 43 matter. 01262_ U-05 Engineer works on Processing Tank. 01263_ C-30 ARC bursts open, deploying its payload. 01263_ S-10 Pest unfolds itself. 01267_ U-05 Engineer works on Processing Tank. 01276_ Acquired Hvy. Assault Rifle. Map ----- +----------------------------------------------------+ | ?????????????# # # "T" #?????????? | | ?????????????# """"" + + = #?????????? | | ?????????????# """"""""" # # """ #?????????? | | ?????????????????"" """ # # """""??????????? | | ?????????????????########## #? """""??????????? | | ??????????????????????????# #? """"???????????? | | ??????????????????????????# #?? """???????????? | | ??????????????????????????# #?? ???????????? | | ???????????????????######## #???####???????????? | | ???????????????????# #??????????????????? | | ???????????????????# #??????????????????? | | ???????????????????# #??????????????????? | | ???????????????????# #### #??????????????????? | | ???????????????????# ???# #######????????????? | | ???????????????????# ????# #????????????? | | ???????????????????# ?????# #????????????? | | ??????????????????? ??????# "" +????????????? | | ?????????????????? ??????# T" #????????????? | | ????????????????? ???????# "" #????????????? | | ???????????????######+##### #????????????? | | ???????????????""" w s g #????????????? | | ???????????????"T" ss# #????????????? | | ?????????????# """ # " #????????????? | | ?????????????# """ # "" [ #????????????? | | ?????????????# """ # #????????????? | | ?????????????# @# #????????????? | | ?????????????############## " #????????????? | | ??????????????????????????# "%" #????????????? | | ??????????????????????????# " #????????????? | | ??????????????????????????? # ????????????? | | ??????????????????????????? !# ? ???????????? | | ??????????????????????????? T #? ?????????????? | | ??????????????????????????? #?+##?????????????? | | ??????????????????????????? ? #?????????????????? | | ???????????????????????????#?#???????????????????? | | ?????????????????????????????????????????????????? | | ?????????????????????????????????????????????????? | | ?????????????????????????????????????????????????? | | ?????????????????????????????????????????????????? | | ?????????????????????????????????????????????????? | | ?????????????????????????????????????????????????? | | ?????????????????????????????????????????????????? | | ?????????????????????????????????????????????????? | | ?????????????????????????????????????????????????? | | ?????????????????????????????????????????????????? | | ?????????????????????????????????????????????????? | | ?????????????????????????????????????????????????? | | ?????????????????????????????????????????????????? | | ?????????????????????????????????????????????????? | | ?????????????????????????????????????????????????? | +----------------------------------------------------+ Best States ------------- Heat Dissipation 35 Energy Generation 10 Energy Capacity 250 Matter Stores 300 Matter Capacity 300 Sight Range 16 Terrain Scan Density 10 Evasion (%) 55 Targeting Accuracy 5 Item Schematics ----------------- None Robot Schematics ------------------ None Fabricated ------------ Nothing Repaired ---------- Nothing Alien Tech Used ----------------- None Achievements -------------- None Challenges ------------ None Game ------ Seed ImpactOmegaDetector Manual? 0 Play Time 00:07:48 Cumulative 74.5 hours Start 2025.05.31 @ 00:37:52 End 2025.05.31 @ 00:47:21 Sessions 1 Manual Loads 0 Difficulty Rogue Special Mode None Game No. 131 Rogue 115 Adventurer 16 Explorer 0 Win Type - Total 1 Types 1/0/0/0/0/0/0/0/0/0 Lore% 31 Gallery% 48 Achievement% 48 Wizard Run 0 Options --------- Layout 2 ASCII 0 Keyboard 0 Movement Mouse Keybinds 0 Fullscreen 1 Font 24/Smallcaps Map View 50x44 Zoom Use 0% Tactical HUD 1 Map Filters NONE Filters NONE Steam 1 RUN: 944d6191-02c0-4daf-99cc-95193b235e1c